 Dungeon Crawl Stone Soup version 0.18.1-48-g4cf74bf (webtiles) character file.

1449 Implojin the Cleaver (level 8, -3/71 HPs)
             Began as a Minotaur Fighter on June 29, 2016.
             Slain by a killer bee (6 damage)
             ... on level 9 of the Dungeon.
             The game lasted 00:08:42 (1721 turns).

Implojin the Cleaver (Minotaur Fighter)             Turns: 1721, Time: 00:08:43

Health: -3/71      AC:  3    Str: 20 (21) XL:     8   Next: 47%
Magic:  7/7        EV:  8    Int:  8 (10) God:
Gold:   139        SH:  9    Dex: 11 (12) Spells: 0 memorised, 7 levels left

rFire  . . .     SeeInvis .     a - +0 war axe
rCold  . . .     Gourm    .     i - +0 ring mail
rNeg   . . .     Faith    .     c - +0 shield
rPois  .         Spirit   .     (helmet restricted)
rElec  .         Dismiss  .     (no cloak)
rCorr  .         Reflect  .     (no gloves)
SustAt .         Harm     .     (no boots)
MR     .....     Clarity  +     (no amulet)
Stlth  +......... Rnd*Tele +    (no ring)
                                (no ring)

@: brilliant, flying, not resistant to hostile enchantments, very unstealthy
A: retaliatory headbutt, horns 2, clarity, deformed body, teleportitis 1
a: no special abilities


You were on level 9 of the Dungeon.
You were not hungry.

You visited 2 branches of the dungeon, and saw 11 of its levels.

You collected 139 gold pieces.

Inventory:

Hand Weapons
 a - a +0 war axe (weapon)
 g - a +0 battleaxe
Armour
 b - a +0 scale mail
 c - a +0 shield (worn)
 d - a +0 plate armour
 i - a +0 ring mail (worn)
 r - a +0 plate armour
Magical Staves
 l - an uncursed staff of power {unknown}
Rods
 j - a +0 rod of shadows (13/13)
   (You found it on level 5 of the Dungeon)
Jewellery
 m - an uncursed ring of flight {unknown}
Scrolls
 o - a scroll of remove curse
Potions
 e - a potion of flight
 h - a potion of mutation
Comestibles
 f - a bread ration
 k - 2 meat rations
 q - a beef jerky


   Skills:
 * Level 6.8 Fighting
 - Level 11.2 Axes
 - Level 3.6 Armour
 - Level 3.6 Shields


You had 7 spell levels left.
You didn't know any spells.

Dungeon Overview and Level Annotations

Branches:
Dungeon (10/15)            Temple (1/1) D:5
   Lair: D:8-11         Orc: D:9-12

Altars:
Ashenzari
Cheibriados
Fedhas
Makhleb
Nemelex Xobeh
Pakellas
Qazlal
Ru
Sif Muna
Vehumet
Xom
Yredelemnul
The Shining One

Shops:
D:9 %

Annotations:
D:3 Implojin's ghost, amateur MiFi


Innate Abilities, Weirdness & Mutations

You reflexively headbutt those who attack you in melee.
You have a pair of horns on your head.
You possess an exceptional clarity of mind.
Armour fits poorly on your strangely shaped body.
You are occasionally teleported next to monsters.


Message History

The arrow barely misses you.
A killer bee comes into view.
Drink which item? (? for menu, Esc to quit)
It was a potion of degeneration.
There was something very wrong with that liquid.
You feel weakened.
You feel dopey.
You feel clumsy.
The killer bee buzzes angrily.
The centaur warrior shoots an arrow.
The arrow hits you!
* * * LOW HITPOINT WARNING * * *
The killer bee stings you but does no damage.
Unknown command.
Drink which item? (? for menu, Esc to quit)
Okay, then.
Read which item? (? for menu, Esc to quit)
As you read the scroll labeled ENKUIH LUDOPN, it crumbles to dust.
It is a scroll of identify.
Identify which item? (\ to view known items) (? for menu, Esc to quit)
o - a scroll of remove curse The centaur warrior shoots an arrow.
The arrow hits you!!
* * * LOW HITPOINT WARNING * * *
You block the killer bee's attack. x2; The killer bee stings you.
* * * LOW HITPOINT WARNING * * *
The killer bee stings you.
* * * LOW HITPOINT WARNING * * *
The killer bee closely misses you. You furiously retaliate!
You headbutt the killer bee!
The killer bee stings you but does no damage.
You see here an arrow.
The centaur warrior shoots an arrow.
The arrow barely misses you.
You see here an arrow.
The killer bee barely misses you. You furiously retaliate!
You headbutt the killer bee!
Read which item? (? for menu, Esc to quit)
Okay, then.
Drink which item? (? for menu, Esc to quit)
Okay, then.
You closely miss the killer bee.
The killer bee is heavily wounded.
You block the killer bee's attack. The killer bee stings you.
You die...

###'# #...#....#.. .#
#...# #...#....# ...
#.#.# #...#....#
...##...# #.).#'#######
#......# ####...####..
#......# #.#.#.....
##......######...#'##.. .
#..............### #.
#@#..###..#..#....
#.###y..............##
#.###...yc####...######.#
.......(#y# #.#.# ...
..........# #...# ...
####....### ###.. .##
#.#..# #.#. #)...# #...#
#'#... ...##


You could see a centaur warrior and 3 killer bees.

Vanquished Creatures
  Pikel (D:4)
  Duvessa (D:5)
  A sky beast (D:9)
  An orc warrior (D:9)
  A phantom (D:9)
  An ogre (D:4)
  Dowan (D:5)
  A scorpion (D:9)
  A hound (D:9)
  2 orc priests
  An iguana (D:6)
  5 orc wizards
  3 worker ants
  2 hound skeletons (D:9)
  A worker ant zombie (D:6)
  3 adders
  A shadow imp (D:6)
  2 dart slugs
  6 orcs
  A ball python (D:3)
  A bat (D:2)
  A giant cockroach (D:2)
  3 goblins
  A hobgoblin (D:1)
  2 kobolds (D:3)
  3 giant newts
  A quokka skeleton (D:4)
  3 rats
51 creatures vanquished.

Notes
Turn   | Place    | Note
--------------------------------------------------------------
     0 | D:1      | Implojin the Minotaur Fighter began the quest for the Orb.
     0 | D:1      | Reached XP level 1. HP: 19/19 MP: 0/0
    92 | D:1      | Reached skill level 3 in Axes
   117 | D:2      | Reached XP level 2. HP: 26/26 MP: 1/1
   189 | D:2      | Reached skill level 4 in Axes
   189 | D:2      | Reached XP level 3. HP: 22/31 MP: 2/2
   245 | D:3      | Noticed Implojin's ghost (amateur MiFi)
   320 | D:4      | Reached skill level 5 in Axes
   320 | D:4      | Reached XP level 4. HP: 20/39 MP: 3/3
   366 | D:4      | Noticed Pikel
   366 | D:4      | Noticed a slave
   385 | D:4      | Killed Pikel
   385 | D:4      | Reached skill level 9 in Axes
   385 | D:4      | Reached XP level 5. HP: 22/45 MP: 4/4
   385 | D:4      | Reached XP level 6. HP: 25/51 MP: 5/5
   385 | D:4      | Reached XP level 7. HP: 28/57 MP: 6/6
   635 | D:5      | Entered Level 5 of the Dungeon
   636 | D:5      | Noticed Duvessa
   637 | D:5      | Noticed Dowan
   645 | D:5      | Killed Duvessa
   645 | D:5      | Reached skill level 10 in Axes
   653 | D:5      | Killed Dowan
   917 | D:5      | Found a staircase to the Ecumenical Temple.
   921 | Temple   | Entered the Ecumenical Temple
  1165 | D:6      | Reached skill level 11 in Axes
  1247 | D:7      | Found an oddly glowing altar of Pakellas.
  1349 | D:9      | Reached XP level 8. HP: 53/64 MP: 7/7
  1384 | D:9      | Reached skill level 4 in Fighting
  1434 | D:8      | Found an oddly glowing altar of Pakellas.
  1436 | D:9      | Found Uteiph's Food Boutique.
  1554 | D:9      | Reached skill level 5 in Fighting
  1617 | D:10     | Entered Level 10 of the Dungeon
  1662 | D:9      | Reached skill level 6 in Fighting
  1697 | D:9      | Gained mutation: You are occasionally teleported next to monsters. [potion of mutation]
  1697 | D:9      | Gained mutation: You possess an exceptional clarity of mind. [potion of mutation]
  1697 | D:9      | Gained mutation: Armour fits poorly on your strangely shaped body. [potion of mutation]
  1714 | D:9      | Noticed a centaur warrior
  1717 | D:9      | HP: 2/71 [killer bee (4)]
  1721 | D:9      | Slain by a killer bee

Skill      XL: |  1  2  3  4  5  6  7  8 |
---------------+-------------------------+-----
Axes           | 3 4 5 9 11 | 11.2
Fighting       | 6 |  6.8
Armour         | |  3.6
Shields        | |  3.6

Action                   |  1- 3 |  4- 6 |  7- 9 || total
-------------------------+-------+-------+-------++-------
Melee: War axe           |    43 |     7 |   121 ||   171
       Headbutt          |     4 |     3 |    29 ||    36
  Use: Potion            |       |     3 |     5 ||     8
       Scroll            |       |       |     2 ||     2
  Eat: Bread ration      |       |       |     1 ||     1
Armor: Scale mail        |    24 |       |     4 ||    28
       Ring mail         |       |       |    22 ||    22
Dodge: Dodged            |    16 |       |    24 ||    40
Block: Shield            |    24 |     4 |    49 ||    77

Table legend:
 A = Turns spent in this place as a percentage of turns spent in the entire game.
 B = Non-inter-level travel turns spent in this place as a percentage of non-inter-level travel turns spent in the entire game.
 C = Inter-level travel turns spent in this place as a percentage of turns spent in this place.
 D = Turns resting spent in this place as a percentage of non-inter-level travel turns spent in this place.
 E = Turns spent auto-exploring this place as a percentage of non-inter-level travel turns spent in this place.
 F = Non-inter-level travel turns spent in this place divided by the number of levels of this place that you've seen.
                   A       B       C       D       E      F
               +-------+-------+-------+-------+-------+----------------------
         Total | 100.0 | 100.0 |   0.0 |   0.1 |   0.0 | 144.1
       Dungeon |  90.0 |  90.0 |   0.0 |   0.1 |   0.0 | 142.7
        Temple |  10.0 |  10.0 |   0.0 |   0.0 |   0.0 | 158.0
               +-------+-------+-------+-------+-------+----------------------

Table legend:
 A = Kills in this place as a percentage of kills in entire the game.
 B = Kills by you in this place as a percentage of kills by you in the entire game.
 C = Kills by friends in this place as a percentage of kills by friends in the entire game.
 D = Other kills in this place as a percentage of other kills in the entire game.
 E = Experience gained in this place as a percentage of experience gained in the entire game.
 F = Experience gained in this place divided by the number of levels of this place that you have seen.
                   A       B       C       D       E      F
               +-------+-------+-------+-------+-------+----------------------
         Total | 100.0 | 100.0 |  -nan |  -nan | 100.0 | 188.3
       Dungeon | 100.0 | 100.0 |  -nan |  -nan | 100.0 | 207.1
               +-------+-------+-------+-------+-------+----------------------
